 Dungeon Crawl Stone Soup version 0.24-a0-809-g71cb82dfb8 (webtiles) character file.

Game seed: 8481721655188646796, levelgen mode: deterministic

64 Arixos the Skirmisher (level 3, -1/30 HPs)
             Began as a Mummy Monk on Oct 11, 2019.
             Slain by a jackal (3 damage)
             ... on level 2 of the Dungeon.
             The game lasted 00:03:39 (1208 turns).

Arixos the Skirmisher (Mummy Monk)                  Turns: 1208, Time: 00:03:40

Health: -1/30      AC:  3    Str: 15    XL:     3   Next: 91%
Magic:  3/3        EV: 13    Int:  9    God:
Gold:   89         SH:  0    Dex: 14    Spells: 2/2 levels left

rFire    x . .     SeeInvis .   a - +0 spear
rCold    + . .     Gourm    .   (no shield)
rNeg     + + +     Faith    .   b - +0 robe
rPois    ∞         Spirit   .   (no helmet)
rElec    .         Reflect  .   (no cloak)
rCorr    .         Harm     .   d - +0 pair of gloves
MR       .....                  (no boots)
Stlth    ++........             (no amulet)
HPRegen  0.10/turn              (no ring)
MPRegen  0.08/turn              (no ring)

@: no status effects
A: no food or potions, fire vulnerability, cold resistance 1, negative energy
resistance 3, torment resistance, unbreathing
a: no special abilities


You were on level 2 of the Dungeon.
You were not hungry.

You visited 1 branch of the dungeon, and saw 2 of its levels.

You collected 89 gold pieces.

Inventory:

Hand Weapons
 a - a +0 spear (weapon)
Armour
 b - a +0 robe (worn)
 d - a +0 pair of gloves (worn)
Jewellery
 h - an uncursed amulet of the acrobat {unknown}
Scrolls
 c - 2 scrolls of identify {unknown}
 e - a scroll of enchant weapon {unknown}
 f - a scroll of remove curse {unknown}
 g - a scroll of immolation {unknown}


   Skills:
 + Level 3.6 Fighting
 - Level 2.4 Polearms
 * Level 1.3 Armour
 + Level 3.1 Dodging
 - Level 1.5 Stealth


You had 2 spell levels left.
You didn't know any spells.
Your spell library was empty.

Dungeon Overview and Level Annotations

Branches:
Dungeon (2/15)

Altars:


Innate Abilities, Weirdness & Mutations

You do not eat or drink.
Your flesh is vulnerable to fire.
You are immune to poison.
Your flesh is cold resistant. (rC+)
You are immune to negative energy. (rN+++)
You are immune to unholy pain and torment.
You can survive without breathing.


Message History

You hit the jackal but do no damage.
The jackal is almost dead.
The jackal misses you.
The jackal bites you but does no damage.
The jackal misses you.
You hit the jackal.
You kill the jackal!
The jackal bites you but does no damage.
The jackal misses you. x2; The jackal closely misses you.
The jackal barely misses you.
The jackal bites you but does no damage.
You see here a jackal corpse.
The jackal bites you but does no damage.
The jackal misses you.
You hit the jackal but do no damage. The jackal bites you.
* * * LOW HITPOINT WARNING * * *
The jackal bites you.
* * * LOW HITPOINT WARNING * * *
The jackal bites you.
You die...

#.............#
#........#..##
#.#.....#.÷#.##
#..##....)#.#.#
########..##..#.....# #
..........##......###.#
#.#######.##....#....#
#.##.#hh.#.###
#.##..@#..#.###
#.##.......#..#
#.##.†......###
......#.#####
#.#.........###
#...........#..#
........#..#.###
.....#..†#.###
#.#.....#..).#


You could see 2 jackals.

Vanquished Creatures
  An adder (D:2)
  An ooze (D:1)
  2 dart slugs (D:1)
  2 leopard geckos (D:1)
  3 giant cockroaches
  6 goblins
  4 hobgoblins
  2 jackals (D:2)
  A quokka (D:2)
  14 bats
  4 frilled lizards (D:1)
  2 kobolds
  4 rats
46 creatures vanquished.

Notes
Turn   | Place    | Note
-------+----------+-------------------------------------------
     0 | D:1      | Arixos the Mummy Monk began the quest for the Orb.
     0 | D:1      | Reached XP level 1. HP: 18/18 MP: 1/1
    96 | D:1      | Reached XP level 2. HP: 23/24 MP: 2/2
   467 | D:1      | Reached XP level 3. HP: 26/29 MP: 3/3
   476 | D:1      | Reached skill level 1 in Armour
  1208 | D:2      | Slain by a jackal

Levels and vault maps discovered:
D:1:      dpeg_arrival_round_c, layout_rooms, feat_on_display
D:2:      layout_loops_corners, minivault_5, minmay_increasing_density,
          uniq_terence

Skill      XL: |  1  2  3 |
---------------+----------+-----
Armour         | 1 |  1.3
Dodging        | 3 |  3.1
Fighting       | |  3.6
Polearms       | |  2.4
Stealth        | |  1.5

Action                   || total
-------------------------++-------
Melee: Spear             ||   178
 Stab: Sleeping          ||     5
Armor: Robe              ||    45
Dodge: Dodged            ||   159

Table legend:
 A = Non-vault XP
 B = Vault XP
 C = Vault XP percentage of total XP
 D = Non-vault monster count
 E = Vault monster count
 F = Vault count percentage of total count
                 A         B        C        D         E       F
            +---------+---------+-------+---------+---------+-------
      Total |      71 |      21 |  22.8 |      41 |       5 |  10.9
            +---------+---------+-------+---------+---------+-------
        D:1 |      51 |       0 |   0.0 |      28 |       0 |   0.0
        D:2 |      20 |      21 |  51.2 |      13 |       5 |  27.8
            +---------+---------+-------+---------+---------+-------
